Map: Simulacrum LE

Players

Tran (MeomaikA)

  • Race: Zerg Zerg
  • Spawn Location: 5:00

Acampado (EnDerr) - Winner!

  • Race: Zerg Zerg
  • Spawn Location: 11:00

Event: SEA Games 2019

VOD

https://www.twitch.tv/videos/517630610?t=06h07m01s

Description

Time

  • Played on: Dec. 6, 2019, 1:13 a.m.
  • Length: 10:41

All games in this series

Show
View Real Time Build Order
Export as new Build Order

Tran Zerg 

Build Orders: Hatch First 

Get SALT Encoding   

  12  0:00  Drone  
  13  0:08  Drone  
  14  0:16  Overlord  
  14  0:23  Extractor, Drone  
  15  0:34  Drone x2  
  17  0:50  Hatchery  
  17  0:54  Drone  
  17  1:08  Spawning Pool  
  17  1:10  Drone  
  17  1:12  Extractor  
  17  1:15  Drone  
  17  1:19  Drone  
  18  1:26  Drone  
  19  1:37  Overlord  
  19  1:48  Drone  
  20  1:54  Queen  
  20  1:59  Drone  
  23  2:03  Drone  
  23  2:04  Queen  
  26  2:09  Drone  
  26  2:12  Metabolic Boost  
  26  2:13  Drone  
  28  2:20  Drone  
  29  2:24  Drone  
  30  2:30  Queen  
  30  2:31  Drone  
  30  2:35  Zergling x2  
  34  2:40  Queen  
  36  2:54  Spore Crawler  
  36  3:01  Overlord  
  36  3:04  Extractor, Hatchery, Overlord  
  34  3:08  Zergling x2  
  34  3:09  Zergling x2  
  37  3:13  Overlord  
  37  3:19  Zergling x2  
  39  3:20  Zergling x2  
  39  3:21  Zergling x4  
  39  3:24  Zergling x2  
  39  3:27  Zergling x2  
  43  3:30  Zergling x2  
  43  3:31  Zergling x2  
  43  3:34  Zergling x2  
  45  3:41  Drone, Baneling Nest  
  45  3:43  Drone  
  45  3:46  Drone  
  47  3:48  Drone  
  47  3:50  Drone  
  47  3:53  Drone  
  47  3:55  Drone  
  51  3:59  Zergling x2  
  51  4:00  Zergling x2  
  53  4:03  Zergling x2  
  53  4:05  Zergling x2  
  54  4:10  Queen  
  54  4:14  Zergling x2  
  54  4:16  Zergling x2  
  58  4:25  Baneling x4  
  58  4:26  Baneling  
  58  4:27  Baneling x2, Drone  
  58  4:28  Drone  
  58  4:29  Zergling x2  
  58  4:30  Drone x2  
  63  4:32  Drone  
  63  4:35  Drone  
  65  4:50  Zergling x2  
  65  4:51  Zergling x2  
  64  4:53  Zergling x4  
  64  4:55  Overlord x2  
  64  4:57  Extractor  
  64  4:58  Roach Warren, Extractor, Zergling x2  
  64  4:59  Zergling x2  
  64  5:01  Drone  
  63  5:08  Lair  
  63  5:13  Zergling x4  
  63  5:14  Zergling x4  
  66  5:15  Zergling x2  
  57  5:22  Zergling x2  
  57  5:23  Zergling x2  
  57  5:26  Queen  
  57  5:28  Baneling  
  59  5:29  Baneling x4  
  59  5:30  Zergling x4  
  59  5:31  Zergling x2  
  59  5:34  Zergling x2  
  63  5:36  Baneling x3  
  63  5:39  Zergling x4  
  63  5:40  Zergling x2  
  66  5:45  Drone  
  66  5:48  Drone  
  68  5:54  Drone x2  
  68  5:55  Queen, Drone x2  
  70  5:57  Drone  
  70  5:59  Drone  
  70  6:00  Drone  
  70  6:04  Drone  
  70  6:05  Drone  
  70  6:06  Drone  
  70  6:08  Drone  
  74  6:16  Drone x2  
  74  6:17  Drone x2  
  74  6:18  Drone  
  78  6:19  Drone  
  79  6:27  Glial Reconstitution  
  79  6:28  Roach, Evolution Chamber  
  80  6:34  Roach, Overlord x2  
  79  6:40  Roach x2  
  79  6:42  Roach  
  82  6:49  Overlord x2  
  82  6:50  Overlord  
  82  6:51  Nydus Network  
  82  6:52  Overlord  
  81  6:56  Roach x2  
  81  6:58  Roach  
  86  7:02  Roach x2  
  86  7:03  Zergling x2  
  86  7:08  Zerg Missile Weapons Level 1  
  90  7:09  Extractor  
  90  7:13  Roach  
  90  7:14  Roach  
  93  7:17  Roach  
  93  7:21  Roach, Zergling x2  
  93  7:22  Zergling x12  
  104  7:24  Roach  
  106  7:37  Nydus Canal  
  106  7:38  Roach x2  
  106  7:41  Roach  
  106  7:43  Roach  
  112  7:45  Roach  
  112  7:47  Roach, Zergling x4  
  112  7:48  Zergling x6  
  112  7:49  Zergling x6  
  112  7:50  Zergling x4  
  123  8:03  Zergling x2  
  123  8:04  Zergling x4  
  117  8:06  Nydus Canal  
  117  8:07  Zergling x2  
  117  8:09  Zergling x4  
  111  8:15  Zergling x2  
  111  8:16  Zergling x4  
  111  8:19  Zergling x4  
  111  8:21  Zergling x2  
  111  8:24  Nydus Canal  
  110  8:31  Queen  
  110  8:33  Roach x3  
  111  8:41  Roach  
  111  8:42  Roach  
  111  8:43  Roach  
  111  8:44  Roach x2  
  111  8:46  Roach  
  106  8:52  Roach  
  106  8:53  Roach  
  99  8:56  Roach  
  99  9:02  Roach x3  
  88  9:04  Drone  
  88  9:05  Drone  
  88  9:08  Drone  
  91  9:13  Roach  
  93  9:18  Roach x2  
  99  9:24  Roach  
  99  9:27  Nydus Canal  
  99  9:28  Roach  
  99  9:29  Roach  
  99  9:31  Roach x2  
  107  9:33  Roach  
  107  9:35  Roach  
  107  9:37  Roach x2  
  107  9:38  Roach  
  113  9:40  Roach  
  113  9:42  Drone  
  113  9:43  Drone  
  117  9:45  Drone  
  117  9:47  Drone x2  
  117  9:50  Extractor  
  117  9:51  Ravager x4  
  123  9:54  Drone  
  123  9:58  Roach  
  123  9:59  Roach x3  
  122  10:00  Ravager  
  122  10:03  Roach  
  122  10:09  Roach  
  122  10:10  Roach  
  122  10:11  Roach x2  
  122  10:14  Roach  
  114  10:16  Roach  
  114  10:17  Zergling x2  
  114  10:18  Zergling x2  
  114  10:20  Zergling x2  
  101  10:22  Zergling x2  
Show
View Real Time Build Order
Export as new Build Order

Acampado Zerg - Winner!

Build Orders: Hatch First, Zergling Baneling 

Get SALT Encoding   

  12  0:00  Drone  
  13  0:13  Overlord  
  13  0:17  Drone  
  14  0:31  Drone x2  
  16  0:49  Hatchery  
  15  0:52  Drone  
  15  0:56  Drone  
  17  1:00  Drone  
  18  1:11  Extractor  
  18  1:14  Spawning Pool  
  18  1:17  Drone  
  17  1:21  Drone  
  18  1:30  Drone  
  19  1:41  Drone  
  20  1:51  Drone  
  22  2:01  Zergling x4  
  22  2:02  Queen x2  
  27  2:15  Overlord  
  27  2:16  Metabolic Boost  
  27  2:18  Drone  
  28  2:33  Hatchery  
  27  2:38  Drone x2  
  27  2:42  Drone x2  
  31  2:47  Overlord  
  30  2:59  Baneling Nest, Zergling x4  
  31  3:07  Drone x2  
  31  3:10  Zergling x2  
  31  3:11  Zergling x4  
  36  3:17  Zergling x4  
  36  3:19  Zergling x2  
  39  3:21  Zergling x2  
  39  3:23  Zergling x2  
  41  3:29  Zergling x4  
  43  3:36  Overlord  
  43  3:42  Baneling  
  43  3:43  Baneling x3  
  43  3:44  Overlord  
  42  3:52  Zergling x2  
  42  3:54  Zergling x2  
  42  3:59  Zergling x6  
  42  4:00  Zergling x2  
  46  4:05  Drone x2  
  46  4:06  Queen  
  50  4:10  Drone  
  50  4:13  Drone  
  50  4:14  Drone  
  53  4:17  Drone  
  53  4:25  Baneling x4  
  53  4:26  Overlord  
  53  4:36  Zergling x2  
  53  4:37  Zergling x10  
  57  4:52  Zergling x16  
  58  5:05  Drone x2  
  58  5:06  Extractor, Roach Warren, Drone x2  
  59  5:15  Overlord  
  59  5:18  Drone x3  
  59  5:21  Drone x3  
  57  5:28  Overlord  
  58  5:31  Queen  
  59  5:46  Overlord  
  59  5:52  Roach x6  
  59  5:55  Baneling  
  68  6:00  Roach x2  
  68  6:01  Roach  
  73  6:11  Roach  
  73  6:12  Roach  
  73  6:14  Roach  
  73  6:15  Roach  
  81  6:18  Roach x2  
  81  6:21  Overlord  
  81  6:24  Drone  
  81  6:25  Evolution Chamber  
  83  6:30  Drone x2  
  83  6:32  Extractor  
  84  6:35  Drone x3  
  84  6:38  Spore Crawler  
  79  6:46  Lair  
  79  6:51  Zerg Missile Weapons Level 1  
  79  6:57  Drone x2  
  79  6:58  Drone x6  
  79  7:01  Overlord  
  87  7:05  Roach x2  
  87  7:07  Roach  
  93  7:10  Zergling x4  
  93  7:11  Roach  
  93  7:14  Overlord  
  97  7:21  Roach x4  
  105  7:25  Extractor  
  104  7:33  Drone x5  
  104  7:34  Drone x2  
  111  7:39  Overlord  
  111  7:46  Roach  
  113  7:58  Roach x4  
  119  8:05  Roach x2  
  111  8:06  Roach x2  
  111  8:08  Roach x2  
  111  8:09  Roach x2  
  111  8:12  Roach  
  116  8:17  Roach  
  116  8:18  Roach x2  
  113  8:20  Glial Reconstitution  
  113  8:23  Roach x2  
  113  8:25  Roach  
  117  8:27  Roach  
  119  8:34  Roach  
  119  8:38  Roach  
  119  8:40  Roach  
  120  8:42  Roach  
  120  8:45  Roach  
  122  8:48  Roach  
  122  8:50  Roach  
  122  8:53  Roach  
  116  8:55  Roach  
  116  8:56  Roach x2  
  116  8:57  Roach  
  116  8:58  Roach  
  116  8:59  Roach  
  122  9:03  Overlord  
  122  9:06  Extractor  
  121  9:14  Overlord x4  
  121  9:22  Roach x2  
  121  9:23  Roach x2  
  129  9:26  Overlord  
  129  9:32  Roach  
  129  9:33  Roach  
  129  9:34  Roach x5  
  129  9:37  Roach  
  145  9:41  Roach  
  145  9:43  Roach x3  
  153  9:46  Roach  
  153  9:48  Roach x2  
  153  9:51  Roach  
  161  9:53  Roach x2  
  161  9:59  Roach  
  169  10:00  Roach  
  169  10:03  Overlord  
  161  10:07  Roach  
  161  10:09  Roach x2  
  161  10:10  Roach  
  161  10:12  Roach  
  147  10:15  Roach  
  147  10:16  Roach  
  147  10:18  Roach  
  147  10:21  Roach  
Tags
 
Add a new tag
Caveats
  • Supply blocks, unpowered buildings, or Contaminate may cause inaccurate times.
  • Supply counts are checked every 10 seconds.